AoeStats
← owengold23

Arabia

510027088Analyzed
1v1 RM · 4d ago on Sep 29, 2026· 55m 42s· 2 players
Game mode
Random Map
Map size
Tiny (2 player)
Population
200
Speed
Normal
Resources
Standard
Victory
Conquest
Starting age
Dark Age
Ending age
Imperial Age
RankedLock teamsTeams togetherTeam positionsShared explorationLock speedFull tech treeHidden civsTurbo modeCheats
Victory
Defeat
🇦🇺 Vikings · Australia
1582
+14
🇿🇦 Franks · South Africa
1549
-14
takisco
6:16 Loom
8:34 Feudal Age
12:42 Town Watch
13:46 Double-Bit Axe
19:25 Wheelbarrow
18:59 Padded Archer Armor
22:29 Castle Age
20:51 Fletching
21:03 Gold Mining
23:07 Elite Skirmisher
24:04 Leather Archer Armor
23:44 Bodkin Arrow
24:21 Bow Saw
25:26 Ballistics
30:59 Stone Mining
36:02 Imperial Age
35:24 Scale Barding Armor
36:32 Chain Barding Armor
37:22 Caravan
38:27 Gold Shaft Mining
38:53 Scale Mail Armor
40:14 Chemistry
39:47 Caravan
40:33 Conscription
40:16 Elite Throwing Axeman
42:21 Chain Mail Armor
41:53 Cavalier
44:46 Plate Barding Armor
44:16 Ordonnance Companies
46:22 Chivalry
48:50 Paladin
50:38 Forging
owengold23
6:44 Loom
9:24 Feudal Age
9:29 Man-at-Arms
12:06 Town Watch
13:28 Double-Bit Axe
13:48 Horse Collar
15:58 Fletching
19:19 Padded Archer Armor
22:10 Castle Age
21:10 Scale Mail Armor
21:22 Forging
21:47 Gold Mining
21:52 Stone Mining
22:14 Crossbowman
22:49 Bodkin Arrow
22:59 Pikeman
23:58 Bow Saw
25:59 Chain Mail Armor
26:41 Leather Archer Armor
28:36 Heavy Plow
32:47 Iron Casting
36:35 Imperial Age
35:15 Arson
35:32 Chieftains
38:54 Blast Furnace
38:16 Conscription
38:28 Masonry
40:11 Chemistry
39:42 Architecture
39:22 Bracer
40:34 Hoardings
42:12 Ballistics
42:18 Arbalester
47:25 Squires
47:28 Elite Berserk
49:57 Ring Archer Armor
49:58 Plate Mail Armor
53:29 Crop Rotation
54:15 Bogsveigar
Connection lost

Rejoining the realm…

Still unreachable

The connection could not be restored.

Session expired

The server has moved on; the page needs a fresh start.